 Dungeon Crawl Stone Soup version 0.31-a0-237-g2d982f9f85 (webtiles) character file.

Game seed: 16983364736695182119

43 qw the Shooter (level 3, -1/29 HPs)
             Began as a Minotaur Hexslinger on July 11, 2023.
             Succumbed to an adder's poison
             ... on level 2 of the Dungeon.
             The game lasted 00:00:24 (740 turns).

qw the Shooter (Minotaur Hexslinger)                 Turns: 740, Time: 00:00:24

Health: -1/29      AC:  5    Str: 12    XL:     3   Next: 37%
Magic:  3/3        EV: 11    Int: 10    God:
Gold:   53         SH:  0    Dex: 14    Spells: 3/4 levels left

rFire   . . .        Y - +1 sling
rCold   . . .        (no shield)
rNeg    . . .        e - +0 ring mail
rPois   .            (helmet restricted)
rElec   .            (no cloak)
rCorr   .            (no gloves)
SInv    .            (no boots)
Will    .....        (no amulet)
Stlth   +            (no ring)
HPRegen 0.24/turn    (no ring)
MPRegen 0.08/turn

%: no passive effects
@: lethally poisoned (-1 -> -7)
A: horns 2, retaliatory headbutt
a: no special abilities


You were on level 2 of the Dungeon.
You visited 1 branch of the dungeon, and saw 2 of its levels.

You collected 53 gold pieces.


Innate Abilities, Weirdness & Mutations

You have a pair of horns on your head.
You reflexively headbutt those who attack you in melee.


   Skills:
 - Level 2.0 Fighting
 + Level 3.9 Ranged Weapons
 - Level 2.1 Dodging
 - Level 1.0 Spellcasting
 - Level 2.0 Hexes


You had 3 spell levels left.
You knew the following spells:

 Your Spells              Type           Power      Damage    Failure   Level
a - Slow                  Hex            16%        N/A       34%         1

Your spell library contained the following spells:

 Spells                   Type           Power      Damage    Failure   Level
 Inner Flame              Hex/Fire       2%         N/A       83%         3
 Portal Projectile        Hex/Tloc       4%         N/A       83%         3
 Cause Fear               Hex            2%         N/A       98%         4

Inventory:

Hand Weapons
 Y - a +1 sling (weapon)
Armour
 b - a +0 pair of gloves
 e - a +0 ring mail (worn)
Scrolls
 a - a scroll of enchant armour {unknown}
 h - 4 scrolls of identify
Potions
 k - a potion of curing
 l - a potion of enlightenment

Dungeon Overview and Level Annotations

Branches:
Dungeon (2/15)

Altars:


Message History

You feel very sick. The adder completely misses you. The adder misses you.
A frilled lizard comes into view.
You shoot a sling bullet.
The sling bullet closely misses the adder.
The frilled lizard hisses angrily.
You feel sick. The adder barely misses you. x2
You shoot a sling bullet.
The sling bullet closely misses the adder.
You feel sick. The adder barely misses you. You furiously retaliate!
You headbutt the adder, but do no damage.
You shoot a sling bullet.
The sling bullet barely misses the adder.
You feel sick. The adder barely misses you. x2
You shoot a sling bullet.
The sling bullet barely misses the adder.
You feel sick.
You are no longer poisoned.
The adder barely misses you. The adder bites you.
You are poisoned.
The adder poisons you!
You shoot a sling bullet.
The sling bullet closely misses the adder.
The sling bullet barely misses the frilled lizard.
You feel very sick. The adder bites you.
The adder bites you but does no damage.
You shoot a sling bullet. The sling bullet misses the adder.
The sling bullet barely misses the frilled lizard.
You feel sick. The adder bites you but does no damage.
You shoot a sling bullet.
The sling bullet closely misses the adder.
The sling bullet misses the frilled lizard.
You feel sick. The adder closely misses you. The adder bites you.
You are more poisoned.
The adder poisons you!
You shoot a sling bullet.
The sling bullet completely misses the adder.
The sling bullet hits the frilled lizard.
You kill the frilled lizard!
You die...

#.####### .# #.# #.#
#.# #.# #.##### #.#
#.....# . #.# #####.#
... #.# #.#
.....####.## #.#
.%...%S@...# #.#
....%####..# #.#
...........# ##.## .
...#####.# ##...##
#.#####.#######......
#..................##
#######...........##
#############


You could see an adder.

Vanquished Creatures
  An adder (D:2)
  A dart slug (D:1)
  2 ball pythons (D:1)
  5 bats
  An endoplasm (D:1)
  5 hobgoblins
  2 kobolds (D:1)
  2 quokkas (D:2)
  7 frilled lizards
  3 goblins
29 creatures vanquished.

Notes
Turn   | Place    | Note
-------+----------+-------------------------------------------
     0 | D:1      | qw the Minotaur Hexslinger began the quest for the Orb.
     0 | D:1      | Reached XP level 1. HP: 16/16 MP: 1/1
     0 | D:1      | 0 ||| qw: Version: 0.3-a-52-g30416fa
     0 | D:1      | 0 ||| qw: Game counter: 5843
     0 | D:1      | 0 ||| qw: Melee chars always use a shield: true
     0 | D:1      | 0 ||| qw: God list: Okawaru
     0 | D:1      | 0 ||| qw: Allow faded altars: false
     0 | D:1      | 0 ||| qw: Do Orc after clearing Dungeon:15 true
     0 | D:1      | 0 ||| qw: Do second Lair branch before Depths: true
     0 | D:1      | 0 ||| qw: Lair rune preference: random
     0 | D:1      | 0 ||| qw: Goals: Normal
     0 | D:1      | 0 ||| PLANNING D:1-11
    33 | D:1      | 33 ||| FLEEEEING.
    41 | D:1      | 41 ||| FLEEEEING.
    42 | D:1      | 42 ||| FLEEEEING.
    43 | D:1      | 43 ||| FLEEEEING.
    44 | D:1      | 44 ||| FLEEEEING.
   118 | D:1      | Reached skill level 3 in Ranged Weapons
   118 | D:1      | Reached XP level 2. HP: 23/23 MP: 2/2
   402 | D:1      | 402 ||| UPGRADING to +0 leather armour.
   412 | D:1      | 412 ||| DROPPING +0 robe.
   413 | D:1      | 413 ||| UPGRADING to +0 ring mail.
   423 | D:1      | 423 ||| DROPPING +0 leather armour.
   424 | D:1      | 424 ||| READING scroll labelled VAETHR URHEU.
   525 | D:1      | 525 ||| READING scroll labelled XIABOL KUT LOA.
   529 | D:1      | 529 ||| READING 5 scrolls labelled HACLAID DOCVUSK.
   530 | D:1      | 530 ||| READING 2 scrolls labelled HELOMOUJ SEGU.
   531 | D:1      | 531 ||| READING scroll labelled PUT TOGAUPHUDO ARCH.
   532 | D:1      | 532 ||| DRINKING 2 golden potions.
   533 | D:1      | 533 ||| DRINKING 2 bubbling pink potions.
   534 | D:1      | 534 ||| DROPPING scroll of poison.
   535 | D:1      | 535 ||| DROPPING scroll of noise.
   607 | D:2      | Reached XP level 3. HP: 29/29 MP: 3/3
   737 | D:2      | HP: 7/29 [poisoned by an adder]
   737 | D:2      | HP: 3/29 [adder (4)]
   739 | D:2      | HP: 1/29 [adder (1)]
   740 | D:2      | Succumbed to an adder's poison

Levels and vault maps discovered:
D:1:      mainiacjoe_arrival_reflecting_pool, layout_rooms
D:2:      layout_loops_ring, kennysheep_generic_room_3

Skill      XL: |  1  2 |
---------------+-------+-----
Ranged Weapons | 3 |  3.9
Fighting       | 2 |  2.0
Dodging        | |  2.1
Spellcasting   | |  1.0
Hexes          | |  2.0

Action                     || total
---------------------------++-------
   Fire: Sling             ||    82
    Use: Scroll            ||     5
         Potion            ||     2
 Armour: Robe              ||     1
         Ring mail         ||     7
  Dodge: Dodged            ||    28

Table legend:
 A = Non-vault XP
 B = Vault XP
 C = Vault XP percentage of total XP
 D = Non-vault monster count
 E = Vault monster count
 F = Vault count percentage of total count
                 A         B        C        D         E       F
            +---------+---------+-------+---------+---------+-------
      Total |      63 |       0 |   0.0 |      29 |       0 |   0.0
            +---------+---------+-------+---------+---------+-------
        D:1 |      38 |       0 |   0.0 |      22 |       0 |   0.0
        D:2 |      25 |       0 |   0.0 |       7 |       0 |   0.0
            +---------+---------+-------+---------+---------+-------
